 Dungeon Crawl Stone Soup version 0.21-a0-509-gecc5317 (webtiles) character file.

3504 Laiders the Changer (level 9, 0/112 HPs)
             Began as a Green Draconian Transmuter on Nov 30, 2017.
             Was a Believer of Okawaru.
             Succumbed to a killer bee's poison
             ... on level 7 of the Dungeon.
             The game lasted 00:25:30 (9446 turns).

Laiders the Changer (Green Draconian Transmuter)    Turns: 9446, Time: 00:25:30

Health: 0/112      AC: 24    Str: 13      XL:     9   Next: 80%
Magic:  6/18       EV:  2    Int: 17      God:    Okawaru [**....]
Gold:   52         SH:  0    Dex:  9 (11) Spells: 15/20 levels left

rFire    . . .     SeeInvis .     - Unarmed
rCold    . . .     Gourm    .   (no shield)
rNeg     + + +     Faith    .   (armour unavailable)
rPois    +         Spirit   .   (helmet currently unavailable)
rElec    .         Reflect  .   (cloak currently unavailable)
rCorr    .         Harm     .   (gloves currently unavailable)
MR       .....     NoTele   +   (boots currently unavailable)
Stlth    +.........             (no amulet)
HPRegen  0.28/turn              (no ring)
MPRegen  0.16/turn              (no ring)

@: lethally poisoned (0 -> -2), tree-form, berserk cooldown, slowed, very slow
A: (breathe noxious fumes), unfitting armour, AC +7
a: Heroism, Renounce Religion


You were on level 7 of the Dungeon.
You worshipped Okawaru.
Okawaru was pleased with you.
You were not hungry.
You were a tree.
You visited 1 branch of the dungeon, and saw 8 of its levels.

You collected 331 gold pieces.
You spent 279 gold pieces at shops.

Inventory:

Missiles
 a - 80 arrows
Armour
 x - a +0 cloak (melded)
 D - a +2 pair of gloves of dexterity (melded)
Jewellery
 r - an uncursed ring of ice
 s - an uncursed ring of fire
 y - a +3 ring of strength {unknown}
Wands
 e - a wand of clouds (6)
Scrolls
 i - 3 scrolls of fear
 l - 2 scrolls of teleportation
 m - 2 scrolls of amnesia
 o - a scroll of remove curse
 t - 2 scrolls of enchant weapon
 z - a scroll of identify
Potions
 d - a potion of haste
 h - 5 potions of flight
 j - 3 potions of brilliance
 k - a potion of mutation
 A - a potion of agility
Books
 b - a book of Changes

   Spells                             Type                      Level
   a - Beastly Appendage              Transmutation                1
   b - Sticks to Snakes               Transmutation                2
   c - Spider Form                    Transmutation/Poison         3
   d - Ice Form                       Ice/Transmutation            4
   e - Blade Hands                    Transmutation                5
 f - a book of Battle

   Spells                             Type                      Level
   a - Infusion                       Charms                       1
   b - Shroud of Golubria             Charms/Translocation         2
   c - Song of Slaying                Charms                       2
   d - Spectral Weapon                Hexes/Charms                 3
   e - Regeneration                   Charms/Necromancy            3
Comestibles
 c - 5 bread rations
 g - 3 meat rations
 q - 11 fruits
 u - 2 royal jellies


   Skills:
 + Level 5.6 Fighting
 + Level 5.0 Dodging
 + Level 6.4 Unarmed Combat
 + Level 6.3 Spellcasting
 + Level 6.4 Transmutations
 - Level 3.0 Poison Magic
 + Level 4.8 Invocations


You had 15 spell levels left.
You knew the following spells:

 Your Spells              Type           Power        Failure   Level  Hunger
b - Sticks to Snakes      Tmut           ####....     1%          2    None
c - Spider Form           Tmut/Pois      ###.......   5%          3    ##.....


Dungeon Overview and Level Annotations

Branches:
Dungeon (8/15)             Temple (0/1) D:7
   Lair: D:8-11

Altars:
Cheibriados
Dithmenos
Nemelex Xobeh
Okawaru
Ru

Shops:
D:6 [

Annotations:
D:8 Maurice


Innate Abilities, Weirdness & Mutations

((You can breathe blasts of noxious fumes.))
((Your lurid green scales are hard. (AC +7)))
You cannot fit into any form of body armour.
((Your system is resistant to poisons. (rPois)))
((You are cold-blooded and may be slowed by cold attacks.))


Message History

* * * LOW HITPOINT WARNING * * *
You feel sick.
You can move again.
Unknown command.
Okay, then.
As you read the scroll labeled QETTIS XATA, it crumbles to dust.
You cannot blink because you are held in place by your roots.
It was a scroll of blinking.
* * * LOW HITPOINT WARNING * * *
You feel sick.
As you read the scroll labeled UVVIJA ZONU, it crumbles to dust.
You feel momentarily disoriented.
It was a scroll of magic mapping.
* * * LOW HITPOINT WARNING * * *
You feel sick.
As you read the scroll labeled KUTEGG BESONEV, it crumbles to dust.
You hear a loud clanging noise!
It was a scroll of noise.
* * * LOW HITPOINT WARNING * * *
You feel sick.
You die...

..........#).....###.#...........
..........#.<)...# #............#
############.....# ####.........#
≈≈≈≈≈≈≈≈≈≈≈.)(...# ##........#
#≈≈#≈≈#≈≈#≈..(...# #.##.)####
≈≈≈≈≈≈≈≈≈≈≈......# ###)##(.####
!...............(# #...........
≈≈≈≈≈≈≈≈≈≈≈......### #...........
#≈≈#≈≈#≈≈#≈.....♣..###...........
≈≈≈≈≈≈≈≈≈≈≈..)...#...#...........
#############..#####.....##..##..
##...# #....####..#.###....#
.....# ##.#..............###
.....# #.............#..## .....#
#..............#.(# ...#.#
#..............#..## ...#)#
#.......).........#.


There were no monsters in sight!

Vanquished Creatures
  A hornet (D:7)
  A hippogriff (D:7)
  Menkaure (D:6)
  2 orc warriors (D:7)
  An eye of draining (D:8)
  2 ice beasts
  4 ogres
  3 phantoms
  A black bear (D:6)
  4 centaurs
  A big kobold (D:7)
  A bullfrog (D:7)
  A water moccasin zombie (D:5)
  A scorpion (D:6)
  A water moccasin skeleton (D:6)
  2 killer bees
  3 howler monkeys (D:7)
  2 crimson imps (D:5)
  A quasit (D:8)
  4 hounds
  2 orc priests
  Crazy Yiuf (D:5)
  A gnoll shaman (D:6)
  A bullfrog skeleton (D:7)
  Jessica (D:2)
  Natasha (D:2)
  An iguana (D:6)
  2 orc wizards
  5 worker ants
  A worker ant zombie (D:5)
  15 adders
  10 gnolls
  A shadow imp (D:5)
  2 oozes
  An adder zombie (D:6)
  An adder skeleton (D:6)
  4 worms
  3 dart slugs
  A leopard gecko (D:4)
  16 orcs
  2 ball pythons
  8 bats
  9 giant cockroaches
  6 goblins
  3 hobgoblins
  8 jackals
  10 kobolds
  3 quokkas
  4 frilled lizards
  A jackal skeleton (D:4)
  A quokka skeleton (D:5)
  A quokka zombie (D:5)
  10 rats
173 creatures vanquished.

Vanquished Creatures (collateral kills)
  An ice beast (D:6)
  4 adders
  A gnoll (D:2)
  An orc (D:7)
7 creatures vanquished.

Grand Total: 180 creatures vanquished

Notes
Turn   | Place    | Note
-------+----------+-------------------------------------------
     0 | D:1      | Laiders the Draconian Transmuter began the quest for the Orb.
     0 | D:1      | Reached XP level 1. HP: 16/16 MP: 3/3
   169 | D:1      | Reached XP level 2. HP: 23/23 MP: 5/5
   176 | D:1      | Learned a level 2 spell: Sticks to Snakes
   884 | D:1      | Reached XP level 3. HP: 23/28 MP: 4/6
  1381 | D:2      | Reached XP level 4. HP: 35/35 MP: 8/8
  1786 | D:2      | You fall through a shaft for 2 floors!
  1798 | D:3      | Found a shadowy altar of Dithmenos.
  1937 | D:3      | Reached XP level 5. HP: 23/40 MP: 7/9
  2525 | D:2      | Noticed Natasha
  2533 | D:2      | Killed Natasha
  2686 | D:2      | Noticed Jessica
  2691 | D:2      | Killed Jessica
  2884 | D:2      | Learned a level 3 spell: Spider Form
  3083 | D:3      | Reached XP level 6. HP: 44/47 MP: 11/11
  3448 | D:3      | Found a sparkling altar of Nemelex Xobeh.
  4252 | D:4      | Reached skill level 5 in Unarmed Combat
  4652 | D:4      | Found a sacrificial altar of Ru.
  4773 | D:5      | Entered Level 5 of the Dungeon
  5019 | D:5      | Your scales start taking on a lurid green colour.
  5019 | D:5      | Reached XP level 7. HP: 14/52 MP: 9/13
  5019 | D:5      | Gained mutation: Your system is resistant to poisons. (rPois) [Green Draconian growth]
  5034 | D:5      | Reached skill level 5 in Transmutations
  5403 | D:5      | HP: 2/52 [worker ant (1)]
  5739 | D:5      | Found a runed door.
  5775 | D:5      | Reached skill level 5 in Spellcasting
  6117 | D:5      | Reached XP level 8. HP: 52/59 MP: 11/15
  6148 | D:5      | Reached skill level 1 in Poison Magic
  6469 | D:5      | Noticed Crazy Yiuf
  6475 | D:5      | Killed Crazy Yiuf
  6758 | D:6      | Noticed Menkaure
  6768 | D:6      | Killed Menkaure
  7141 | D:6      | Found an iron altar of Okawaru.
  7157 | D:6      | Became a worshipper of Warmaster Okawaru
  7362 | D:6      | Found Susei's Armour Emporium.
  7408 | D:6      | Found a snail-covered altar of Cheibriados.
  7472 | D:6      | Reached skill level 1 in Invocations
  7778 | D:7      | Reached * piety under Okawaru
  7818 | D:7      | Reached XP level 9. HP: 18/71 MP: 11/18
  8224 | D:6      | Bought a +2 pair of gloves of dexterity for 279 gold pieces
  8267 | D:7      | HP: 2/72 [ice beast (6)]
  8770 | D:7      | Reached ** piety under Okawaru
  8770 | D:7      | Reached skill level 5 in Fighting
  9299 | D:7      | Found a staircase to the Ecumenical Temple.
  9378 | D:8      | Noticed Maurice
  9382 | D:8      | Noticed a two-headed ogre
  9404 | D:8      | Reached skill level 5 in Dodging
  9440 | D:7      | HP: 5/112 [poisoned by a killer bee]
  9443 | D:7      | HP: 2/112 [poisoned by a killer bee]
  9446 | D:7      | Succumbed to a killer bee's poison

Vault maps used:
D:1:      scummos_arrival_hexagon
D:2:      first_bread, uniq_natasha, uniq_jessica
D:3:      nicolae_dithmenos_shadow_blocks, minmay_misc_feat_tower,
          hangedman_decor_peaks_small, columned_hall_lemuel,
          nemelex_dance_club_becter
D:4:      kennysheep_little_box
D:5:      grunt_ministairs_9, uniq_crazy_yiuf_cottage
D:6:      kennysheep_slug_shrine, basic_altar, serial_shops, shop, uniq_menkaure
D:7:      temple_hall_moat
D:8:      david_nohive_1, uniq_maurice

Skill      XL: |  1  2  3  4  5  6  7  8  9 |
---------------+----------------------------+-----
Transmutations | 3 4 5 6 |  6.4
Spellcasting   | 3 4 5 6 |  6.3
Unarmed Combat | 4 5 6 |  6.4
Dodging        | 3 5 |  5.0
Poison Magic   | 3 |  3.0
Fighting       | 3 5 |  5.6
Invocations    | 2 4 |  4.8

Action                   |  1- 3 |  4- 6 |  7- 9 || total
-------------------------+-------+-------+-------++-------
Melee: Unarmed           |   147 |   269 |   453 ||   869
       Tailslap          |    10 |    26 |    33 ||    69
       Punch             |     1 |     3 |     6 ||    10
       Headbutt          |     2 |     1 |     3 ||     6
       Kick              |     3 |     9 |       ||    12
 Cast: Beastly Appendage |     2 |     9 |     2 ||    13
       Sticks to Snakes  |     4 |     7 |     5 ||    16
       Spider Form       |       |     3 |    18 ||    21
 Abil: Breathe Noxious F |       |       |     5 ||     5
  Use: Scroll            |       |     5 |    10 ||    15
       Potion            |       |       |     5 ||     5
 Stab: Distracted        |     1 |       |       ||     1
       Sleeping          |       |     2 |       ||     2
       Confused          |       |       |     1 ||     1
  Eat: Chunk             |     2 |    12 |    17 ||    31
Armor: Skin              |    57 |    70 |   109 ||   236
Dodge: Dodged            |   104 |   158 |   471 ||   733

Table legend:
 A = Spawn XP
 B = Non-spawn XP
 C = Spawn XP percentage of total XP
 D = Spawn monster count
 E = Non-spawn monster count
 F = Spawn count percentage of total count
 G = Total turns spent on level
                    A         B        C        D         E        F      G
               +---------+---------+-------+---------+---------+-------+---------
         Total |       0 |    5007 |   0.0 |       0 |     180 |   0.0 |  9446
               +---------+---------+-------+---------+---------+-------+---------
           D:1 |       0 |      41 |   0.0 |       0 |      22 |   0.0 |   949
           D:2 |       0 |     231 |   0.0 |       0 |      35 |   0.0 |  1632
           D:3 |       0 |     133 |   0.0 |       0 |      21 |   0.0 |   992
           D:4 |       0 |     277 |   0.0 |       0 |      15 |   0.0 |  1200
           D:5 |       0 |     951 |   0.0 |       0 |      22 |   0.0 |  1766
           D:6 |       0 |     741 |   0.0 |       0 |      19 |   0.0 |  1532
           D:7 |       0 |    2356 |   0.0 |       0 |      40 |   0.0 |  1270
           D:8 |       0 |     277 |   0.0 |       0 |       6 |   0.0 |   105
               +---------+---------+-------+---------+---------+-------+---------
